AoeStats
← Arrowhead

Nomad

509006705Analyzed
4v4 RM · 6d ago on Sep 25, 2026· 56m 22s· 8 players
Game mode
Random Map
Map size
231×231
Population
200
Speed
Normal
Resources
Standard
Victory
Conquest
Starting age
Dark Age
Ending age
Imperial Age
RankedLock teamsTeams togetherTeam positionsShared explorationLock speedFull tech treeHidden civsTurbo modeCheats
Victory
Defeat
🇹🇼 Danes · Taiwan
1235
+17
🇹🇼 Teutons · Taiwan
1231
+17
🇲🇽 Britons · Mexico
1218
+18
🇨🇱 Bohemians · Chile
1184
+19
🇺🇸 Sicilians · United States
1289
-19
🇺🇸 Danes · United States
1284
-19
🇺🇸 Saxons · United States
1282
-18
🇺🇸 Varangians · United States
1179
-15
Hari_Seldon
5:04 Loom
19:08 Feudal Age
23:12 Castle Age
21:02 Double-Bit Axe
23:21 Crossbowman
24:13 Fletching
26:09 Bodkin Arrow
28:50 Wheelbarrow
30:11 Bow Saw
29:43 Horse Collar
30:53 Town Watch
31:55 Pikeman
36:40 Padded Archer Armor
39:25 Leather Archer Armor
39:18 Gold Mining
46:00 Hand Cart
46:35 Heavy Plow
47:52 Gold Shaft Mining
47:29 Forging
48:21 Town Patrol
48:46 Stone Mining
52:47 Imperial Age
50:29 Scale Mail Armor
51:41 Chain Mail Armor
51:50 Yeomen
53:04 Iron Casting
52:51 Capped Ram
53:12 Arbalester
55:59 Plate Mail Armor
54:50 Halberdier
HPer
11:32 Loom
14:05 Feudal Age
14:56 Double-Bit Axe
15:32 Gold Mining
15:51 Fishing Lines
16:14 Town Watch
18:46 Castle Age
17:23 Horse Collar
19:56 Bow Saw
20:47 Arson
24:14 Scale Mail Armor
24:47 Squires
26:26 Wheelbarrow
28:02 Chain Mail Armor
32:08 Forging
34:38 Fletching
35:41 Hand Cart
35:43 Bodkin Arrow
36:32 Bloodlines
36:22 Husbandry
36:49 Padded Archer Armor
40:04 Thumb Ring
41:39 Stone Mining
42:27 Ballistics
49:37 Imperial Age
47:53 Leather Archer Armor
48:16 Heavy Plow
50:02 Elite Jomsviking
51:03 Conscription
50:45 Bracer
50:22 Cranequins
50:55 Hamask
52:53 Chemistry
56:18 Iron Casting
56:43 Masonry
fat_dgk
4:45 Loom
13:42 Feudal Age
16:22 Fletching
21:06 Castle Age
23:19 Fervor
23:05 Town Watch
24:10 Double-Bit Axe
24:52 Sanctity
26:34 Redemption
31:45 Atonement
32:31 Wheelbarrow
38:12 Imperial Age
39:52 Chemistry
39:26 Block Printing
39:48 Theocracy
44:37 Bow Saw
44:48 Hussite Reforms
50:06 Pikeman
Happy new year
3:52 Loom
13:12 Feudal Age
23:47 Castle Age
29:04 Scale Barding Armor
31:48 Wheelbarrow
31:53 Stone Mining
35:10 Chain Barding Armor
36:19 Horse Collar
37:26 Town Watch
39:59 Forging
40:13 Hand Cart
40:40 Heavy Plow
44:19 Imperial Age
43:58 Bloodlines
44:25 Iron Casting
44:32 Cavalier
45:43 Conscription
46:54 Plate Barding Armor
55:32 Blast Furnace
55:25 Ballistics
andruwu
10:25 Loom
13:03 Feudal Age
11:25 Loom
13:37 Double-Bit Axe
15:33 Gold Mining
16:27 Fletching
22:12 Castle Age
25:19 Crossbowman
25:59 Bodkin Arrow
27:35 Wheelbarrow
31:19 Padded Archer Armor
31:36 Crossbowman
33:12 Ballistics
33:46 Leather Archer Armor
38:09 Wheelbarrow
38:24 Thumb Ring
43:16 Wheelbarrow
47:51 Masonry
54:20 Imperial Age
56:26 Conscription
Arrowhead
8:22 Loom
12:38 Feudal Age
13:46 Town Watch
20:52 Castle Age
18:54 Fletching
18:51 Double-Bit Axe
19:58 Stone Mining
22:13 Wheelbarrow
28:50 Horse Collar
29:15 Gold Mining
32:01 Light Cavalry
36:50 Imperial Age
35:55 Hand Cart
38:12 Forging
38:14 Bloodlines
38:12 Scale Barding Armor
40:25 Conscription
41:24 Chain Barding Armor
41:40 Iron Casting
44:20 Plate Barding Armor
43:47 Husbandry
47:28 Blast Furnace
hawkeyejnm
3:03 Loom
15:03 Feudal Age
16:03 Double-Bit Axe
21:47 Castle Age
21:49 Scale Mail Armor
23:03 Wheelbarrow
22:46 Bow Saw
23:34 Stone Mining
25:07 Fletching
25:18 Padded Archer Armor
26:28 Scale Mail Armor
26:39 Forging
35:49 Bodkin Arrow
38:36 Leather Archer Armor
40:00 Bloodlines
39:50 Husbandry
41:55 Ballistics
49:40 Imperial Age
48:17 Masonry
50:23 Bracer
49:47 Heavy Mounted Crossbowman
50:35 Capped Ram
FunkierHarp
6:36 Loom
15:15 Feudal Age
23:20 Castle Age
22:09 Double-Bit Axe
23:07 Horse Collar
23:20 Stone Mining
25:06 Bow Saw
24:58 Heavy Plow
25:56 Husbandry
26:07 Bloodlines
26:04 Scale Barding Armor
26:10 Forging
27:37 Gold Mining
28:26 Chain Barding Armor
31:34 Wheelbarrow
34:13 Hand Cart
36:09 Iron Casting
39:15 Imperial Age
40:21 Cavalier
42:06 Plate Barding Armor
42:43 Fletching
Connection lost

Rejoining the realm…

Still unreachable

The connection could not be restored.

Session expired

The server has moved on; the page needs a fresh start.